 Dungeon Crawl Stone Soup version 0.16.1-14-g82efdee (webtiles) character file.

3718 karvarausku the Carver (level 10, -6/60 HPs)
             Began as a Tengu Fighter on Apr 13, 2015.
             Was a Priest of Okawaru.
             Killed from afar by Erolcha (24 damage)
             ... with a bolt of lightning
             ... on level 8 of the Dungeon.
             The game lasted 00:28:34 (8764 turns).

karvarausku the Carver (Tengu Fighter)              Turns: 8764, Time: 00:28:34

Health: -6/60      AC: 14    Str: 19    XL:     10   Next: 14%
Magic:  13/13      EV:  6    Int:  8    God:    Okawaru [***...]
Gold:   475        SH: 11    Dex: 15    Spells: 0 memorised, 9 levels left

rFire  + . .     SeeInvis .     J - +0 scimitar
rCold  . . .     Clarity  .     D - +0 plate armour
rNeg   . . .     SustAb   .     c - +1 shield
rPois  .         Gourm    .     (helmet restricted)
rElec  .         Spirit   .     L - +0 cloak
rCorr  .         Warding  .     (no gloves)
rMut   .         Stasis   .     (boots unavailable)
MR     .....                    (no amulet)
Stlth  ..........               (no ring)
                                N - ring of protection from fire

@: hasted, drained, very quick, not resistant to hostile enchantments, extremely
unstealthy
A: able to fly, beak, talons 3
a: Fly, Heroism, Renounce Religion


You were on level 8 of the Dungeon.
You worshipped Okawaru.
Okawaru was most pleased with you.
You were not hungry.

You visited 2 branches of the dungeon, and saw 9 of its levels.
You visited the Abyss 2 times.
You also visited: Ossuary.

You collected 475 gold pieces.

Inventory:

Hand weapons
 a - a +0 long sword
 J - a +0 scimitar (weapon)
 Q - a +0 bardiche
 S - a +0 long sword
Armour
 b - a +0 scale mail
 c - a +1 shield (worn)
 u - a +0 ring mail
 A - a cursed +0 chain mail
 D - a +0 plate armour (worn)
 L - a +0 cloak (worn)
 R - a cursed +3 leather armour of fire resistance
Jewellery
 y - an uncursed ring of wizardry
 N - a ring of protection from fire (left hand)
Magical devices
 e - a wand of frost (10)
 l - a wand of teleportation (3)
 x - a wand of fire (0)
 E - a wand of lightning (0)
Scrolls
 f - a scroll of magic mapping
 i - a scroll of enchant weapon {unknown}
 k - a scroll of teleportation
 p - 5 scrolls of enchant armour
 v - 2 scrolls of identify
 C - a scroll of immolation
 F - 2 scrolls of fog
 O - a scroll of amnesia
Potions
 j - 2 potions of agility {unknown}
 m - 7 potions of curing
 n - a potion of cancellation {unknown}
 o - 2 potions of haste
 r - a potion of invisibility {unknown}
 s - 2 potions of brilliance
 t - a potion of resistance {unknown}
 w - 4 potions of magic
 z - a potion of heal wounds
 H - a potion of restore abilities {unknown}
 I - a potion of poison {unknown}
Books
 B - a book of Air

   Spells                             Type                      Level
   a - Shock                          Conjuration/Air              1
   b - Swiftness                      Charms/Air                   2
   c - Repel Missiles                 Charms/Air                   2
   d - Flight                         Charms/Air                   3
   e - Static Discharge               Conjuration/Air              3
   f - Lightning Bolt                 Conjuration/Air              5
 G - a book of Control

   Spells                             Type                      Level
   a - Control Teleport               Charms/Translocation         4
   b - Control Undead                 Necromancy                   4
   c - Enslavement                    Hexes                        4
   d - Metabolic Englaciation         Hexes/Ice                    5
   e - Mass Confusion                 Hexes                        6
 M - a Fen Folio

   Spells                             Type                      Level
   a - Corpse Rot                     Necromancy                   2
   b - Stone Arrow                    Conjuration/Earth            3
   c - Leda's Liquefaction            Hexes/Earth                  4
   d - Summon Forest                  Summoning/Translocation      5
   e - Hydra Form                     Transmutation                6
   f - Summon Hydra                   Summoning                    7
 P - a book of the Tempests

   Spells                             Type                      Level
   a - Static Discharge               Conjuration/Air              3
   b - Lightning Bolt                 Conjuration/Air              5
   c - Fireball                       Conjuration/Fire             5
   d - Tornado                        Air                          9
   e - Shatter                        Earth                        9
Comestibles
 d - 3 bread rations
 g - 5 meat rations
 h - 2 beef jerkies
 q - 5 fruits


   Skills:
 + Level 5.7(5.6) Fighting
 + Level 12.0(11.9) Long Blades
 + Level 6.1 Armour
 + Level 5.3(5.2) Dodging
 - Level 4.2(4.1) Shields


You had 9 spell levels left.
You didn't know any spells.

Dungeon Overview and Level Annotations

Branches:
Dungeon (8/15)             Temple (1/1) D:5
   Lair: D:8-11

Altars:
Ashenzari
Cheibriados
Dithmenos
Fedhas
Gozag
Kikubaaqudgha
Makhleb
Nemelex Xobeh
Okawaru
Ru
Sif Muna
Vehumet
Xom
Yredelemnul
Zin
The Shining One

Shops:
D:6 ?

Annotations:
D:5 Thalios' ghost, experienced GrFi
D:8 Erolcha


Innate Abilities, Weirdness & Mutations

You can fly.
You have a beak for a mouth.
You have claws for feet.


Message History

Erolcha casts a spell at you.
You are cast into the Abyss!
To return, you must find a gate leading back.
Welcome to the Abyss!
You sense a powerful magical force warping space.
Found a robe.
Found 42 gold pieces.
Found a gateway leading out of the Abyss.
There is a gateway leading out of the Abyss here.
You pass through the gate.
Welcome back to the Dungeon!
Level annotation: Erolcha Erolcha casts a spell at you.
The bolt of lightning hits you!
* * * LOW HITPOINT WARNING * * *
Drink which item? (? for menu, Esc to quit)
You feel yourself speed up. Erolcha casts a spell at you.
The bolt of lightning hits you!
You die...

...#.# ##### #..#.# #..!# +..#.##
#...# #...... #...#
..#..######### ############...###
...............#.........§.......
..#..#<.########.##########...###
.[)).............##..............
###.########.<..@................
..........(.....O................
########...............>.........
#.......#####..............
#######..._..## #........÷)....
.............# #.>......()....
.#######...).# #.......(...... .#
###..## #.....÷........ .# #.##
#..........####


You could see Erolcha.

Vanquished Creatures
  Joseph (D:7)
  Prince Ribbit (D:6)
  Eustachio (D:6)
  A hungry ghost (D:6)
  An orc warrior (D:6)
  A necrophage (D:5)
  A large abomination (D:8)
  2 black bears (D:8)
  2 centaurs
  2 ice beasts
  An eye of draining (D:8)
  2 phantoms (D:7)
  An elf zombie (Ossuary)
  2 big kobolds
  A giant frog (D:7)
  The ghost of miau the Conjurer, an average FeCj (D:3)
  A jelly (D:4)
  A scorpion (D:4)
  4 wights (D:8)
  2 crimson imps (D:6)
  2 goliath beetles
  A centaur zombie (D:5)
  A giant frog zombie (D:7)
  3 hounds
  6 orc priests
  2 iguanas (D:5)
  2 human zombies (Ossuary)
  8 orc wizards
  5 worker ants
  Ijyb (D:3)
  4 big kobold zombies (Ossuary)
  A hound zombie (D:6)
  A hound skeleton (D:5)
  2 mummies (Ossuary)
  A worker ant zombie (D:6)
  10 adders
  A river rat (D:6)
  A shadow imp (D:5)
  A worm (D:4)
  2 giant mites
  2 adder zombies
  2 oozes
  31 orcs
  15 bats
  A bat skeleton (D:7)
  12 goblins
  14 hobgoblins
  9 jackals
  3 quokkas
  2 ball pythons
  5 giant cockroaches
  8 giant geckos
  A giant gecko skeleton (D:4)
  6 giant newts
  A giant spore (D:7)
  A goblin zombie (Ossuary)
  11 hobgoblin zombies (Ossuary)
  2 jackal zombies
  19 kobolds
  10 kobold zombies (Ossuary)
  6 orc zombies (Ossuary)
  A quokka skeleton (D:4)
  12 rats
  A spectral orc (D:5)
  A ballistomycete (D:7)
260 creatures vanquished.

Vanquished Creatures (others)
  5 toadstools (D:1)
5 creatures vanquished.

Grand Total: 265 creatures vanquished

Notes
Turn   | Place    | Note
--------------------------------------------------------------
     0 | D:1      | karvarausku, the Tengu Fighter, began the quest for the Orb.
     0 | D:1      | Reached XP level 1. HP: 14/14 MP: 1/1
   125 | D:1      | Reached XP level 2. HP: 17/19 MP: 3/3
   864 | D:1      | Reached XP level 3. HP: 16/23 MP: 4/4
   938 | D:2      | Reached skill level 4 in Long Blades
  1300 | D:2      | Found a shimmering altar of Xom.
  1510 | D:3      | Noticed Ijyb
  1520 | D:3      | Killed Ijyb
  1520 | D:3      | Reached XP level 4. HP: 26/28 MP: 5/5
  1584 | D:3      | Reached skill level 5 in Long Blades
  1809 | D:3      | Noticed miau's ghost (average FeCj)
  1810 | D:3      | Reached XP level 5. HP: 18/32 MP: 7/7
  1816 | D:3      | Killed miau's ghost
  1816 | D:3      | Reached skill level 6 in Long Blades
  2250 | D:4      | Reached XP level 6. HP: 37/37 MP: 8/8
  2439 | D:4      | Reached skill level 7 in Long Blades
  2512 | D:4      | Found a deep blue altar of Sif Muna.
  3032 | D:5      | Entered Level 5 of the Dungeon
  3045 | D:4      | Reached skill level 8 in Long Blades
  3045 | D:4      | Reached XP level 7. HP: 32/41 MP: 9/9
  3356 | D:5      | Found a snail-covered altar of Cheibriados.
  3443 | D:5      | Noticed Thalios' ghost (experienced GrFi)
  3735 | D:5      | Found a staircase to the Ecumenical Temple.
  3748 | Temple   | Entered the Ecumenical Temple
  3783 | Temple   | Became a worshipper of Warmaster Okawaru
  3949 | D:5      | Reached skill level 9 in Long Blades
  4004 | D:5      | Found a basalt altar of Yredelemnul.
  4406 | D:5      | Reached XP level 8. HP: 24/46 MP: 11/11
  4654 | D:5      | Reached skill level 10 in Long Blades
  5084 | D:6      | Found Psuacw's Magic Scroll Boutique.
  5150 | D:6      | Noticed Eustachio
  5170 | D:6      | Killed Eustachio
  5170 | D:6      | Acquired Okawaru's first power
  5783 | D:6      | Noticed Prince Ribbit
  6016 | D:6      | Reached skill level 11 in Long Blades
  6265 | D:6      | Reached skill level 1 in Dodging
  6484 | D:6      | Killed Prince Ribbit
  6755 | D:6      | Reached XP level 9. HP: 42/52 MP: 12/12
  6931 | D:7      | Noticed Joseph
  6950 | D:7      | Killed Joseph
  7504 | D:7      | Reached skill level 5 in Armour
  7702 | D:7      | Found an opulent altar of Gozag.
  7774 | D:8      | Found a sand-covered staircase.
  7780 | Ossuary  | Entered an ossuary
  7894 | Ossuary  | Reached skill level 5 in Fighting
  8220 | D:8      | Found a basalt altar of Yredelemnul.
  8267 | D:8      | Reached XP level 10. HP: 59/59 MP: 13/13
  8300 | D:8      | Reached skill level 5 in Dodging
  8413 | D:8      | Reached skill level 12 in Long Blades
  8442 | D:8      | Noticed Erolcha
  8476 | D:8      | Cast into the Abyss (Erolcha)
  8525 | D:8      | Escaped the Abyss
  8748 | D:8      | Cast into the Abyss (Erolcha)
  8763 | D:8      | Escaped the Abyss
  8764 | D:8      | Killed from afar by Erolcha

Action                   |  1- 3 |  4- 6 |  7- 9 | 10-12 || total
-------------------------+-------+-------+-------+-------++-------
Melee: Long sword        |    97 |   176 |   617 |    49 ||   939
       Scimitar          |       |       |       |    11 ||    11
Throw: Tomahawk          |       |       |     1 |       ||     1
Evoke: Wand              |       |       |     6 |     4 ||    10
  Use: Potion            |       |     1 |     2 |     2 ||     5
       Scroll            |       |       |    11 |     5 ||    16
 Stab: Confused          |       |       |     1 |       ||     1
  Eat: Chunk             |     2 |     5 |    17 |     1 ||    25
       Pizza             |       |       |     1 |       ||     1
